Map: Lerilak Crest

Players

Serral - Winner!

  • Race: Zerg Zerg
  • League: Grandmaster

VitamiN

  • Race: Zerg Zerg
  • League: Diamond

Event: DreamHack ZOWIE Open Leipzig

VOD

Have the link to the VOD?

Description

Time

  • Played on: Jan. 22, 2016, 7:35 a.m.
  • Length: 7:27

All games in this series

Show
View Real Time Build Order
Export as new Build Order

Serral Zerg - Winner!

Build Orders: Pool First 

Get SALT Encoding   

  12  0:01  Drone  
  13  0:12  Overlord  
  13  0:17  Drone  
  14  0:30  Drone  
  14  0:31  Drone  
  14  0:34  Drone  
  17  0:39  Extractor  
  16  0:45  Drone  
  16  0:49  Spawning Pool  
  16  0:56  Drone  
  17  1:06  Drone  
  18  1:17  Drone  
  19  1:23  Hatchery  
  18  1:36  Queen  
  20  1:41  Metabolic Boost  
  20  1:47  Overlord  
  20  1:52  Drone  
  21  1:55  Zergling x2  
  22  2:02  Baneling Nest  
  22  2:05  Zergling x2  
  22  2:10  Zergling x2  
  23  2:25  Queen  
  23  2:26  Spine Crawler  
  23  2:29  Zergling x2  
  25  2:36  Zergling x4  
  27  2:45  Baneling x2  
  27  2:48  Zergling x6  
  30  2:56  Queen  
  31  3:02  Drone x2  
  31  3:04  Drone  
  34  3:14  Overlord  
  34  3:15  Drone  
  34  3:18  Drone  
  36  3:23  Overlord  
  36  3:33  Drone  
  36  3:39  Drone x2  
  36  3:40  Drone x2  
  40  3:48  Zergling x2  
  34  3:49  Drone  
  34  3:51  Drone  
  36  3:58  Drone  
  36  4:03  Drone x2  
  36  4:06  Baneling  
  36  4:07  Baneling  
  36  4:08  Overlord  
  39  4:10  Zergling x8  
  39  4:11  Drone  
  39  4:14  Evolution Chamber  
  39  4:16  Drone  
  43  4:17  Drone  
  44  4:30  Hatchery  
  43  4:32  Drone  
  43  4:34  Drone, Extractor  
  44  4:40  Zerg Missile Weapons Level 1  
  44  4:42  Lair  
  44  4:45  Drone  
  45  4:47  Drone  
  45  4:57  Drone  
  45  4:58  Drone x2  
  45  4:59  Roach Warren, Extractor  
  46  5:01  Overlord  
  46  5:10  Overlord  
  46  5:11  Overlord  
  46  5:36  Baneling x3  
  46  5:37  Baneling  
  46  5:38  Roach  
  46  5:39  Roach x8  
  64  5:43  Zergling x4  
  64  5:44  Zergling x2  
  64  5:45  Baneling  
  64  5:46  Baneling  
  64  5:49  Roach  
  69  5:58  Roach  
  69  5:59  Roach x2  
  65  6:14  Roach, Zergling x2  
  65  6:15  Roach x4, Zergling x4  
  67  6:25  Ravager  
  67  6:26  Drone x2  
  67  6:28  Drone x2  
  67  6:32  Queen  
  73  6:39  Ravager  
  74  6:40  Ravager  
  74  6:44  Roach  
  74  6:46  Drone x4  
  81  6:50  Overlord  
  81  6:55  Drone  
  81  6:56  Drone  
  81  6:59  Roach  
  81  7:00  Roach  
  87  7:02  Ravager  
  95  7:23  Ravager  
Show
View Real Time Build Order
Export as new Build Order

VitamiN Zerg 

Build Orders: Pool First, Zergling Baneling 

Get SALT Encoding   

  12  0:00  Drone  
  13  0:08  Drone  
  13  0:12  Extractor  
  13  0:16  Drone  
  14  0:34  Spawning Pool  
  13  0:36  Drone  
  13  0:42  Extractor  
  13  0:43  Drone  
  15  0:53  Overlord  
  15  1:20  Zergling x4  
  15  1:21  Zergling x2  
  15  1:22  Metabolic Boost  
  15  1:25  Queen  
  18  1:32  Zergling x2  
  21  1:54  Hatchery  
  20  2:03  Overlord  
  20  2:13  Drone x2  
  22  2:21  Baneling Nest  
  21  2:23  Drone  
  21  2:27  Drone  
  23  2:40  Queen  
  25  2:48  Overlord  
  25  2:52  Drone  
  24  3:00  Zergling x4  
  26  3:07  Zergling x4  
  28  3:15  Baneling x2  
  28  3:22  Baneling x2  
  28  3:24  Drone x3  
  31  3:28  Drone  
  31  3:43  Baneling x2  
  31  3:44  Zergling x6  
  31  3:45  Zergling x2  
  32  4:00  Zergling x10  
  35  4:03  Baneling  
  35  4:04  Baneling  
  35  4:18  Roach Warren  
  35  4:20  Overlord  
  35  4:22  Drone  
  35  4:29  Drone x2  
  37  4:36  Overlord  
  36  4:59  Roach x5  
  46  5:06  Roach  
  48  5:07  Roach  
  48  5:14  Overlord  
  50  5:19  Zergling x4  
  52  5:23  Zergling x2  
  53  5:31  Baneling x3  
  53  5:33  Zergling x4  
  55  5:39  Zergling x4  
  57  5:48  Baneling  
  45  6:13  Zergling x22  
  42  6:26  Zergling x8  
  46  6:35  Zergling x2  
  47  6:40  Baneling  
  47  6:41  Baneling x8  
  47  6:45  Zergling x2  
  47  6:46  Zergling x2  
  49  7:00  Zergling x10  

Tags
 
Add a new tag
Caveats
  • Supply blocks, unpowered buildings, or Contaminate may cause inaccurate times.
  • Supply counts are checked every 10 seconds.